[Event "ICC tourney 2248 (120 10)"]
[Site "Internet Chess Club"]
[Date "2020.12.28"]
[Round "5"]
[White "mdbgaccp"]
[Black "Deveshc"]
[Result "1/2-1/2"]
[ICCResult "White stalemated"]
[WhiteElo "1804"]
[BlackElo "1491"]
[Opening "Sicilian: Sozin, Leonhardt variation"]
[ECO "B88"]
[NIC "SI.26"]
[Time "12:03:14"]
[PlyCount "166"]
[TimeControl "7200+10"]

1. e4 c5 2. Nf3 Nc6 3. d4 cxd4 4. Nxd4 Nf6 5. Nc3 d6 6. Bc4 e6 7. O-O a6 8.
Re1 Be7 9. Nb3 O-O 10. Be3 b5 11. Bd3 Bb7 12. a4 b4 13. Nb1 a5 14. N1d2 Ne5
15. f3 d5 16. Nc5 Bc6 17. Ndb3 Nc4 18. Bxc4 dxc4 19. Nd2 c3 20. bxc3 bxc3
21. Ndb3 Nd7 22. Nxd7 Bxd7 23. Qd4 Bb4 24. Red1 Bc6 25. Qc4 Qc8 26. Bc5
Bxc5+ 27. Qxc5 Bb7 28. Rd3 Qxc5+ 29. Nxc5 Bc6 30. Rxc3 Rfc8 31. Rb1 Be8 32.
e5 h6 33. Rbb3 Ra7 34. Kf2 Rac7 35. Ne4 Bxa4 36. Ra3 Rxc3 37. Nxc3 Bxc2 38.
Ke3 a4 39. Kd4 Bb3 40. Nb5 Rc2 41. Nc3 Rxg2 42. Nxa4 Bxa4 43. Rxa4 Rxh2 44.
Ra7 Rh4+ 45. Ke3 Rh5 46. f4 Rf5 47. Ke4 Kh7 48. Ra1 h5 49. Rh1 Kh6 50. Rg1
h4 51. Rg4 h3 52. Rg1 Kh5 53. Rxg7 Kh4 54. Kf3 h2 55. Kg2 Rxf4 56. Kxh2 Kh5
57. Kg3 Rf5 58. Rh7+ Kg6 59. Rh1 Rxe5 60. Kf4 Rf5+ 61. Ke4 Kf6 62. Rh6+ Ke7
63. Rh1 Rd5 64. Ra1 f5+ 65. Kf4 Kf6 66. Ra6 Rd4+ 67. Ke3 Ke5 68. Rxe6+ Kxe6
69. Kxd4 Kd6 70. Ke3 Ke5 71. Kf3 Kf6 72. Kf4 Kg6 73. Kf3 Kg5 74. Kg3 f4+
75. Kf3 Kf5 76. Kf2 Ke4 77. Ke2 f3+ 78. Kf2 Kf4 79. Kf1 Kg3 80. Kg1 Kf4 81.
Kf1 Ke3 82. Ke1 f2+ 83. Kf1 Kf3 { White stalemated } 1/2-1/2

[Event "ICC tourney 2248 (120 10)"]
[Site "Internet Chess Club"]
[Date "2020.12.28"]
[Round "5"]
[White "nboad"]
[Black "charles102"]
[Result "0-1"]
[ICCResult "White resigns"]
[WhiteElo "1872"]
[BlackElo "1800"]
[Opening "Sicilian: Najdorf, Byrne (English) attack"]
[ECO "B90"]
[NIC "SI.14"]
[Time "12:03:25"]
[PlyCount "82"]
[TimeControl "7200+10"]

1. e4 c5 2. Nf3 d6 3. d4 cxd4 4. Nxd4 Nf6 5. Nc3 a6 6. Be3 b5 7. a3 e6 8.
Qd2 Bb7 9. f3 Nbd7 10. O-O-O Rc8 11. g4 Nb6 12. g5 Nfd7 13. f4 Nc5 14. Bg2
Nc4 15. Qe2 Qa5 16. Bd2 Nxa3 17. bxa3 Qxa3+ 18. Kb1 Qb4+ 19. Ka1 Qxd4 20.
Be1 Qb4 21. Na2 Qa4 22. Bc3 Nxe4 23. Rd4 Qxa2+ 24. Kxa2 Nxc3+ 25. Kb2 Nxe2
26. Bxb7 Rc7 27. Rd2 Rxb7 28. Rxe2 Be7 29. Ra1 Ra7 30. Re3 O-O 31. h4 h6
32. gxh6 Bxh4 33. Rg1 g6 34. Rh3 Bf6+ 35. Kb3 Kh7 36. Rd1 d5 37. Kb4 Rc8
38. c3 Rc4+ 39. Kb3 a5 40. f5 gxf5 41. Rg1 Rac7 { White resigns } 0-1

[Event "ICC tourney 2248 (120 10)"]
[Site "Internet Chess Club"]
[Date "2020.12.28"]
[Round "5"]
[White "vedantpmargale"]
[Black "attalone"]
[Result "1/2-1/2"]
[ICCResult "Game drawn by mutual agreement"]
[WhiteElo "1493"]
[BlackElo "1700"]
[Opening "French: advance, Milner-Barry gambit"]
[ECO "C02"]
[NIC "FR.03"]
[Time "12:03:23"]
[PlyCount "62"]
[TimeControl "7200+10"]

1. e4 e6 2. d4 d5 3. e5 c5 4. c3 Nc6 5. Nf3 Qb6 6. Bd3 cxd4 7. cxd4 Bd7 8.
Bc2 Nb4 9. a3 Nxc2+ 10. Qxc2 Rc8 11. Nc3 Ne7 12. O-O Nf5 13. Be3 Be7 14.
Qd2 O-O 15. h3 Qd8 16. Rac1 a6 17. Qd3 Qb6 18. Qd2 Rc4 19. Rfd1 Rfc8 20.
Ne2 Qd8 21. Rxc4 Rxc4 22. Rc1 Qc8 23. Rxc4 Qxc4 24. Nc3 b5 25. g4 Nh4 26.
Nxh4 Bxh4 27. Bg5 Bxg5 28. Qxg5 Qc8 29. Qe7 h6 30. Qb4 Bc6 31. Kg2 Bb7 {
Game drawn by mutual agreement } 1/2-1/2

[Event "ICC tourney 2248 (120 10)"]
[Site "Internet Chess Club"]
[Date "2020.12.28"]
[Round "5"]
[White "MikeWMason"]
[Black "dswang"]
[Result "0-1"]
[ICCResult "White resigns"]
[WhiteElo "1761"]
[BlackElo "1828"]
[Opening "Giuoco Pianissimo"]
[ECO "C50"]
[NIC "IG.02"]
[Time "12:03:00"]
[PlyCount "50"]
[TimeControl "7200+10"]

1. e4 e5 2. Nf3 Nc6 3. Bc4 Bc5 4. d3 Nf6 5. Bg5 h6 6. Bh4 d6 7. c3 Bg4 8.
b4 Bb6 9. Nbd2 Qd7 10. h3 Be6 11. a4 a5 12. b5 Ne7 13. Bxf6 gxf6 14. Nh4 d5
15. exd5 Nxd5 16. Ne4 O-O-O 17. Bxd5 Qxd5 18. Qc2 f5 19. Ng3 f4 20. Ne4
Qxd3 21. Qxd3 Rxd3 22. Rd1 Rxd1+ 23. Kxd1 Bb3+ 24. Ke2 Bxa4 25. Rb1 Bc2 {
White resigns } 0-1

[Event "ICC tourney 2248 (120 10)"]
[Site "Internet Chess Club"]
[Date "2020.12.28"]
[Round "5"]
[White "cruiseship"]
[Black "sbendre"]
[Result "1/2-1/2"]
[ICCResult "Game drawn by repetition"]
[WhiteElo "1716"]
[BlackElo "1525"]
[Opening "Sicilian: Najdorf, 6...e6"]
[ECO "B95"]
[NIC "SI.04"]
[Time "12:03:11"]
[PlyCount "55"]
[TimeControl "7200+10"]

1. e4 c5 2. Nf3 d6 3. d4 cxd4 4. Nxd4 Nf6 5. Nc3 a6 6. Bg5 e6 7. Qd2 Be7 8.
O-O-O b5 9. a3 Bb7 10. f3 Nbd7 11. Nb3 Rc8 12. Bf4 d5 13. exd5 Nxd5 14.
Nxd5 Bxd5 15. Kb1 Nb6 16. Na5 O-O 17. Be5 Na4 18. Bd3 f6 19. b3 fxe5 20.
bxa4 bxa4 21. c4 Qb6+ 22. Ka2 Ba8 23. Rb1 Qc5 24. Qb4 Qf2+ 25. Qb2 Qc5 26.
Qb4 Qf2+ 27. Qb2 Qc5 28. Qb4 { Game drawn by repetition } 1/2-1/2

[Event "ICC tourney 2248 (120 10)"]
[Site "Internet Chess Club"]
[Date "2020.12.28"]
[Round "5"]
[White "FlowingMelody"]
[Black "Torsten936"]
[Result "1/2-1/2"]
[ICCResult "Game drawn by mutual agreement"]
[WhiteElo "1307"]
[BlackElo "1704"]
[Opening "French: Rubinstein variation"]
[ECO "C03"]
[NIC "FR.07"]
[Time "12:03:34"]
[PlyCount "113"]
[TimeControl "7200+10"]

1. e4 e6 2. d4 d5 3. Nd2 dxe4 4. Nxe4 Nd7 5. Nf3 Ngf6 6. Bd3 Nxe4 7. Bxe4
Nf6 8. Bd3 Be7 9. O-O O-O 10. c3 b6 11. Bf4 Bb7 12. Qe2 Bd6 13. Bg5 h6 14.
Bh4 Qe7 15. Qe3 Rfd8 16. Ne5 c5 17. Nf3 cxd4 18. cxd4 Rac8 19. Rac1 g5 20.
Bg3 Nd5 21. Qe2 Nf4 22. Bxf4 Bxf4 23. Rxc8 Rxc8 24. Be4 Bxe4 25. Qxe4 f5
26. Qe2 Kf7 27. Ne5+ Bxe5 28. Qxe5 Qc7 29. Qxc7+ Rxc7 30. f3 Rc2 31. Rf2
Rc1+ 32. Rf1 Rc4 33. Rd1 Rc2 34. Rb1 Ke7 35. a3 Kd6 36. b4 Rd2 37. Kf1 Rd3
38. a4 Rxd4 39. Ke2 f4 40. g3 h5 41. Rb3 h4 42. g4 h3 43. Rb2 Kd5 44. Rb1
a6 45. Rb2 e5 46. Rb1 e4 47. fxe4+ Kxe4 48. Rb3 f3+ 49. Rxf3 Rd2+ 50. Kxd2
Kxf3 51. Ke1 Kg2 52. Ke2 Kxh2 53. Kf2 Kh1 54. Kf1 Kh2 55. Kf2 a5 56. b5 Kh1
57. Kf1 { Game drawn by mutual agreement } 1/2-1/2

[Event "ICC tourney 2248 (120 10)"]
[Site "Internet Chess Club"]
[Date "2020.12.28"]
[Round "5"]
[White "rohitk14"]
[Black "MadiChesskid"]
[Result "0-1"]
[ICCResult "White checkmated"]
[WhiteElo "1057"]
[BlackElo "1496"]
[Opening "Ruy Lopez: closed defense"]
[ECO "C84"]
[NIC "RL.13"]
[Time "12:03:06"]
[PlyCount "150"]
[TimeControl "7200+10"]

1. e4 e5 2. Nf3 Nc6 3. Bb5 a6 4. Ba4 Nf6 5. O-O Be7 6. c3 b5 7. Bc2 d6 8.
h3 Nb8 9. d4 Nbd7 10. a4 bxa4 11. Re1 O-O 12. Be3 g6 13. Bxa4 Ne8 14. Na3
Ng7 15. Bh6 Rb8 16. Qd2 Nb6 17. Bc2 Nd7 18. Bd3 Re8 19. Nc4 Bf8 20. Na5 Bb7
21. Nxb7 Rxb7 22. Bxa6 Rb6 23. Bd3 Qb8 24. Rab1 c5 25. dxe5 Nxe5 26. Nxe5
dxe5 27. Bc4 Rd8 28. Qe2 Ne6 29. Bxf8 Rxf8 30. Qe3 Rxb2 31. Rxb2 Qxb2 32.
Bxe6 fxe6 33. Qxc5 Qd2 34. Qe3 Qa2 35. Rc1 Qb2 36. c4 Rxf2 37. Qxf2 Qxc1+
38. Kh2 Qxc4 39. Qf3 Qc1 40. Qd3 Qc7 41. Qb3 Qd6 42. Qb7 Qf8 43. Qc6 Qe7
44. Qc4 Kf7 45. Qc2 Qf6 46. Qc7+ Kg8 47. Qc8+ Kg7 48. Qc7+ Kh6 49. Qc4 Kg5
50. Qe2 Kh6 51. Qd3 g5 52. Kg1 Kg6 53. Qc4 h6 54. Qc6 Qf7 55. Qc5 Qf4 56.
Qc6 Kf6 57. Qc4 Qe3+ 58. Kh2 Qf4+ 59. Kg1 Qe3+ 60. Kh2 Qd4 61. Qc6 Qd2 62.
Qc4 Qf4+ 63. Kg1 g4 64. hxg4 Qxg4 65. Qd3 Kg6 66. Qc4 h5 67. Qc6 Kg5 68.
Qc1+ Qf4 69. Qe1 h4 70. Kh1 Qg3 71. Qd2+ Kg4 72. Qc1 Qd3 73. Qe1 h3 74. Qb4
Qf1+ 75. Kh2 Qxg2# { White checkmated } 0-1

[Event "ICC tourney 2248 (120 10)"]
[Site "Internet Chess Club"]
[Date "2020.12.28"]
[Round "5"]
[White "UltimateDL"]
[Black "gardemarin13"]
[Result "1-0"]
[ICCResult "Black resigns"]
[WhiteElo "1480"]
[BlackElo "1894"]
[Opening "Sicilian: accelerated fianchetto, Maróczy bind"]
[ECO "B36"]
[NIC "SI.33"]
[Time "12:03:23"]
[PlyCount "105"]
[TimeControl "7200+10"]

1. e4 c5 2. Nf3 g6 3. d4 cxd4 4. Nxd4 Nc6 5. c4 Nf6 6. Nc3 d6 7. Be3 Ng4 8.
Nxc6 bxc6 9. Bf4 Qb6 10. Qd2 Bg7 11. h3 Ne5 12. Be2 Rb8 13. O-O-O Be6 14.
b3 O-O 15. Bxe5 Bxe5 16. f4 Bg7 17. g4 Qb4 18. Kc2 f5 19. gxf5 gxf5 20.
Rhg1 Kh8 21. Rxg7 Kxg7 22. Qd4+ Rf6 23. e5 dxe5 24. Qxe5 Qb6 25. Na4 Qf2
26. Nc5 Bf7 27. Nd7 Rd8 28. Qxe7 Re6 29. Qxd8 Rxe2+ 30. Kc3 Rc2+ 31. Kb4
a5+ 32. Qxa5 Qxf4 33. Qe5+ Qxe5 34. Nxe5 Rxa2 35. Rd7 Kf6 36. Nxf7 Ke6 37.
Rc7 f4 38. Ng5+ Kf5 39. Nxh7 f3 40. Rf7+ Kg6 41. Rxf3 Kxh7 42. Kc5 Ra6 43.
Rf6 Ra3 44. Rf3 Ra6 45. b4 Kg6 46. Rd3 Kg5 47. Rd6 Ra3 48. Kxc6 Rxh3 49. b5
Kf5 50. b6 Ke5 51. b7 Rb3 52. c5 Rb4 53. Kc7 { Black resigns } 1-0

[Event "ICC tourney 2248 (120 10)"]
[Site "Internet Chess Club"]
[Date "2020.12.28"]
[Round "5"]
[White "Knightboy123"]
[Black "chesslin"]
[Result "0-1"]
[ICCResult "White resigns"]
[WhiteElo "1661"]
[BlackElo "1804"]
[Opening "Modern defense"]
[ECO "A40"]
[NIC "QO.17"]
[Time "12:03:26"]
[PlyCount "139"]
[TimeControl "7200+10"]

1. d4 g6 2. Bf4 Bg7 3. e3 d6 4. Nf3 Nd7 5. Be2 e5 6. dxe5 dxe5 7. Bg3 Nh6
8. c3 O-O 9. h3 Qe7 10. Nbd2 b6 11. Qc2 Bb7 12. O-O Nf5 13. Bh2 Rfe8 14. e4
Nd6 15. Rfe1 Kh8 16. Bf1 Rad8 17. Nc4 f6 18. Nxd6 Qxd6 19. Bc4 Nc5 20. b4
Ne6 21. Qb3 Qe7 22. Bd5 c6 23. Bxe6 Qxe6 24. Rad1 Rd6 25. Rxd6 Qxd6 26. Rd1
Qe7 27. Nd2 Bc8 28. Qc2 Be6 29. Nb3 Rd8 30. Kf1 Bc4+ 31. Ke1 Rd6 32. a3 Qd7
33. Rxd6 Qxd6 34. Qd2 Qd3 35. Qxd3 Bxd3 36. f3 Bh6 37. Bg1 Kg8 38. Nd2 Kf7
39. g3 Ke6 40. a4 Kd6 41. a5 Kc7 42. Nb3 Bc2 43. Nd2 Bd3 44. Nb3 Kb7 45. h4
Ka6 46. Kd1 Kb5 47. Nd2 f5 48. exf5 gxf5 49. g4 c5 50. axb6 axb6 51. bxc5
bxc5 52. g5 Bg7 53. Nb3 c4 54. Nc5 e4 55. fxe4 Bxe4 56. Nxe4 fxe4 57. Kd2
Ka4 58. Kc2 Kb5 59. Kd2 Kc6 60. Bf2 Kd5 61. Be1 Ke5 62. Ke3 Kf5 63. Bd2 Be5
64. Be1 Bh8 65. Bd2 Bg7 66. Be1 Be5 67. Bd2 Bf4+ 68. Ke2 Kg4 69. Be3 Bg3
70. h5 { White resigns } 0-1

[Event "ICC tourney 2248 (120 10)"]
[Site "Internet Chess Club"]
[Date "2020.12.28"]
[Round "5"]
[White "abelMZ084"]
[Black "minitotoro"]
[Result "1/2-1/2"]
[ICCResult "Game drawn by mutual agreement"]
[WhiteElo "1667"]
[BlackElo "1563"]
[Opening "Queen's pawn"]
[ECO "A40"]
[NIC "QO.17"]
[Time "12:03:21"]
[PlyCount "74"]
[TimeControl "7200+10"]

1. d4 e6 2. e3 d5 3. Bd3 Nf6 4. Nd2 c5 5. c3 b6 6. f4 Bb7 7. Ngf3 Nbd7 8.
Ne5 Bd6 9. Qf3 O-O 10. O-O h6 11. g4 Nh7 12. Kh1 Bxe5 13. fxe5 Qh4 14. Qg2
Qe7 15. Nf3 f5 16. gxf5 exf5 17. Bd2 a5 18. Rg1 Ba6 19. Bc2 Rf7 20. Qg6 Be2
21. Ne1 Bg4 22. Bd1 Ng5 23. Bxg4 fxg4 24. Nd3 Nf3 25. Rg2 Nh4 26. Qc6 Raf8
27. Rxg4 Rf1+ 28. Rg1 Rxa1 29. Rxa1 Qf7 30. Nf4 Nb8 31. Qxd5 Qxd5+ 32. Nxd5
Rf2 33. Kg1 Rg2+ 34. Kh1 Rxd2 35. Rf1 Nc6 36. e6 Ng6 37. Nxb6 Rxb2 { Game
drawn by mutual agreement } 1/2-1/2

[Event "ICC tourney 2248 (120 10)"]
[Site "Internet Chess Club"]
[Date "2020.12.28"]
[Round "5"]
[White "asergeev"]
[Black "rcww2020"]
[Result "1/2-1/2"]
[ICCResult "Game drawn by repetition"]
[WhiteElo "1898"]
[BlackElo "1640"]
[Opening "Old Benoni defense"]
[ECO "A43"]
[NIC "OI.09"]
[Time "12:03:27"]
[PlyCount "129"]
[TimeControl "7200+10"]

1. d4 c5 2. c3 d5 3. Bf4 Nf6 4. e3 Bf5 5. dxc5 e6 6. b4 Nbd7 7. Bb5 Be7 8.
Nf3 O-O 9. Nbd2 a5 10. O-O Bg4 11. Qc2 Nh5 12. Bxd7 Bxf3 13. Nxf3 Nxf4 14.
exf4 Qxd7 15. Ne5 Qc7 16. Rfe1 Rfc8 17. a3 b6 18. cxb6 Qxb6 19. f5 Qc7 20.
fxe6 fxe6 21. Qe2 Bf6 22. b5 Qxe5 23. Qxe5 Bxe5 24. Rxe5 Rxc3 25. Rxe6 Rb3
26. a4 Rc8 27. Ree1 Rc2 28. Rab1 Rcb2 29. Rxb2 Rxb2 30. Kf1 Rb4 31. Ra1 Kf7
32. Ke2 Ke6 33. Kd3 Kd6 34. f3 Rb2 35. g4 Rb3+ 36. Kd4 Rxf3 37. Rb1 Rf4+
38. Ke3 Rxa4 39. b6 Rb4 40. Ra1 Rxb6 41. Rxa5 Rb3+ 42. Kf4 Rb7 43. Ra6+ Kc5
44. Ra5+ Kc4 45. Ke5 Re7+ 46. Kd6 Re4 47. Rxd5 Rxg4 48. Rh5 h6 49. Ke5 Rg2
50. Ke4 Kc3 51. Ke3 Kc4 52. Ke4 Re2+ 53. Kf3 Re6 54. Ra5 g5 55. h4 gxh4 56.
Kg4 Re4+ 57. Kh3 Kd3 58. Rh5 Ke3 59. Rxh6 Kf3 60. Rxh4 Re1 61. Kh2 Re2+ 62.
Kh3 Re1 63. Kh2 Re2+ 64. Kh3 Re1 65. Kh2 { Game drawn by repetition }
1/2-1/2

[Event "ICC tourney 2248 (120 10)"]
[Site "Internet Chess Club"]
[Date "2020.12.28"]
[Round "5"]
[White "coolhappyfish"]
[Black "gmnichek"]
[Result "1-0"]
[ICCResult "Black resigns"]
[WhiteElo "1680"]
[BlackElo "1824"]
[Opening "Catalan: closed, 6...Nbd7"]
[ECO "E07"]
[NIC "CA.04"]
[Time "12:03:47"]
[PlyCount "119"]
[TimeControl "7200+10"]

1. d4 d5 2. c4 e6 3. Nf3 Nf6 4. g3 Be7 5. Bg2 Nbd7 6. O-O O-O 7. b3 Ne4 8.
Bb2 c6 9. Nbd2 f5 10. e3 Rf6 11. Nxe4 fxe4 12. Nd2 Nf8 13. f3 exf3 14. Rxf3
Ng6 15. Rxf6 Bxf6 16. Qh5 Bg5 17. Qe2 Bd7 18. Rf1 Qa5 19. a3 Rf8 20. Rxf8+
Nxf8 21. Nf3 Bf6 22. e4 Ng6 23. e5 Be7 24. c5 b6 25. b4 Qa4 26. Qd3 Bc8 27.
Bf1 b5 28. Be2 Qa6 29. Bc1 Qb7 30. Bg5 a6 31. h4 Nf8 32. Bxe7 Qxe7 33. Ng5
h6 34. Nh3 Bd7 35. Bh5 Be8 36. Bxe8 Qxe8 37. Kg2 Qh5 38. Nf4 Qg4 39. Qf3
Qf5 40. Qd3 Qxd3 41. Nxd3 Kf7 42. Kf3 Ng6 43. Nc1 Ne7 44. Nb3 Nf5 45. h5
Ne7 46. Na5 Ke8 47. g4 Kd7 48. Nb7 Nc8 49. Nd6 Ne7 50. g5 Ng8 51. Kg4 Ne7
52. gxh6 gxh6 53. Nf7 Nf5 54. Nxh6 Nxh6+ 55. Kg5 Nf7+ 56. Kf6 Nh6 57. Kg6
Nf5 58. h6 Nh4+ 59. Kg5 Nf3+ 60. Kf6 { Black resigns } 1-0

[Event "ICC tourney 2248 (120 10)"]
[Site "Internet Chess Club"]
[Date "2020.12.28"]
[Round "5"]
[White "JACOBCHESS857"]
[Black "MYMChessWyatt"]
[Result "1/2-1/2"]
[ICCResult "Black stalemated"]
[WhiteElo "1424"]
[BlackElo "1232"]
[Opening "Sicilian: Najdorf, Opocensky variation"]
[ECO "B92"]
[NIC "SI.10"]
[Time "12:02:55"]
[PlyCount "127"]
[TimeControl "7200+10"]

1. e4 c5 2. Nf3 d6 3. d4 cxd4 4. Nxd4 Nf6 5. Nc3 a6 6. Be2 e5 7. Nf3 Be7 8.
O-O O-O 9. Re1 h6 10. Bc4 Nc6 11. Nd5 Bg4 12. c3 Rc8 13. Nxf6+ Bxf6 14. Bd5
Qc7 15. h3 Bd7 16. Nh2 Ne7 17. Ng4 Nxd5 18. exd5 Bxg4 19. Qxg4 Rfd8 20.
Bxh6 Qd7 21. Qxd7 Rxd7 22. Bd2 Rc5 23. c4 Rxc4 24. Bc3 b5 25. a3 Bd8 26.
Rac1 a5 27. Red1 Bb6 28. Be1 Rdc7 29. Bd2 f5 30. Rxc4 Rxc4 31. Rc1 Re4 32.
Rc8+ Kh7 33. Rb8 Bc5 34. Rxb5 Re2 35. Bxa5 Rc2 36. Be1 Rc1 37. Kf1 e4 38.
Ke2 f4 39. Bd2 Rc2 40. Kd1 Rc4 41. Bxf4 Rd4+ 42. Bd2 Rd3 43. Kc2 Bxf2 44.
Rb4 Rd4 45. Rxd4 Bxd4 46. b4 e3 47. Be1 Kg6 48. Kd3 Ba7 49. Ke4 Kf6 50. a4
g5 51. a5 Ke7 52. b5 Bd4 53. Kxd4 e2 54. h4 g4 55. h5 Kf6 56. b6 Kf5 57. b7
Kf4 58. b8=Q g3 59. Qxd6+ Kg5 60. h6 Kh5 61. h7 Kg4 62. Qxg3+ Kf5 63. Qe5+
Kg4 64. d6 { Black stalemated } 1/2-1/2

[Event "ICC tourney 2248 (120 10)"]
[Site "Internet Chess Club"]
[Date "2020.12.28"]
[Round "5"]
[White "Nacaroa-Dan"]
[Black "GrandWizard"]
[Result "1-0"]
[ICCResult "Black checkmated"]
[WhiteElo "1640"]
[BlackElo "1806"]
[Opening "Caro-Kann: Hillbilly attack"]
[ECO "B10"]
[NIC "CK.01"]
[Time "12:03:06"]
[PlyCount "149"]
[TimeControl "7200+10"]

1. e4 c6 2. Bc4 d5 3. Bb3 Nf6 4. e5 Nfd7 5. d4 e6 6. Nf3 Qc7 7. O-O c5 8.
c3 Nc6 9. Bf4 b5 10. Bc2 Be7 11. a3 Bb7 12. b4 cxb4 13. cxb4 Rc8 14. Bd3 a6
15. Nbd2 Nb6 16. Bg3 Nc4 17. Qc2 Nb8 18. Nb3 Nd7 19. Rfc1 h6 20. Qe2 Ndb6
21. Nfd2 Na4 22. f4 g6 23. Qf2 Kd7 24. Na5 Qb6 25. Ndb3 Rc7 26. Bh4 Nxa5
27. bxa5 Rxc1+ 28. Rxc1 Bxh4 29. Qxh4 Qd8 30. Qe1 Qe7 31. Qb4 Rc8 32. Rxc8
Qxb4 33. axb4 Bxc8 34. Nc5+ Kc6 35. Bc2 Nc3 36. Kf2 Na2 37. Nd3 Nc3 38. Nc5
Na2 39. Nd3 Kd7 40. Ke3 Nc3 41. Nc5+ Ke7 42. Kd2 Ne4+ 43. Bxe4 dxe4 44.
Nxe4 Bb7 45. Ke3 Bc8 46. g3 Kd7 47. Nf6+ Kd8 48. d5 exd5 49. Nxd5 h5 50.
Kd4 Bb7 51. Kc5 Kd7 52. Nf6+ Kc7 53. Ne8+ Kd7 54. Nd6 Bg2 55. Nxf7 Ke6 56.
Ng5+ Kf5 57. e6 Kf6 58. Kd6 h4 59. e7 Bc6 60. Kxc6 Kxe7 61. Kb6 hxg3 62.
hxg3 Kf6 63. Kxa6 Kf5 64. Kxb5 Kg4 65. Ne4 Kf5 66. a6 Kxe4 67. a7 Kf3 68.
a8=Q+ Kxg3 69. Qe4 Kg4 70. Qxg6+ Kf3 71. f5 Ke3 72. f6 Kd4 73. f7 Ke5 74.
f8=Q Kd4 75. Qc5# { Black checkmated } 1-0

[Event "ICC tourney 2248 (120 10)"]
[Site "Internet Chess Club"]
[Date "2020.12.28"]
[Round "5"]
[White "wulovechess"]
[Black "tricksterssbu"]
[Result "0-1"]
[ICCResult "White resigns"]
[WhiteElo "1612"]
[BlackElo "1692"]
[Opening "Giuoco Piano"]
[ECO "C50"]
[NIC "IG.02"]
[Time "12:03:47"]
[PlyCount "73"]
[TimeControl "7200+10"]

1. e4 e5 2. Nf3 Nc6 3. Bc4 Bc5 4. O-O d6 5. d3 h6 6. Nc3 Nf6 7. Be3 Bb6 8.
h3 O-O 9. d4 exd4 10. Nxd4 Ne5 11. Bb3 c5 12. Ndb5 a6 13. f4 axb5 14. fxe5
c4 15. Bxb6 Qxb6+ 16. Kh1 dxe5 17. Qf3 cxb3 18. cxb3 b4 19. Nd1 Bd7 20. Ne3
Bb5 21. Rf2 Bd3 22. Nd5 Nxd5 23. exd5 e4 24. Qg3 Rad8 25. Rf4 Rxd5 26. Rg4
Rg5 27. Rxg5 hxg5 28. Qxg5 Qf6 29. Qd2 Qd4 30. Re1 Re8 31. Re3 f5 32. g3
Rc8 33. Qe1 Rc2 34. g4 f4 35. Rxd3 Qxd3 36. g5 Qf3+ 37. Kg1 { White resigns
} 0-1

[Event "ICC tourney 2248 (120 10)"]
[Site "Internet Chess Club"]
[Date "2020.12.28"]
[Round "5"]
[White "gullom89"]
[Black "fireheart"]
[Result "1/2-1/2"]
[ICCResult "Game drawn by repetition"]
[WhiteElo "1707"]
[BlackElo "1620"]
[Opening "Robatsch (modern) defense"]
[ECO "A40"]
[NIC "KF.05"]
[Time "12:03:06"]
[PlyCount "100"]
[TimeControl "7200+10"]

1. d4 g6 2. e4 Bg7 3. Nc3 d6 4. Bf4 Nd7 5. Nf3 e6 6. Qd2 a6 7. O-O-O b5 8.
h4 h6 9. Ng1 Bb7 10. f3 Nb6 11. Be3 Qd7 12. Nh3 O-O-O 13. a3 Qe7 14. Qf2
Nc4 15. Bxc4 bxc4 16. d5 exd5 17. Nxd5 Bxd5 18. exd5 Nf6 19. Bd4 Qd7 20.
Qd2 Rhg8 21. Qc3 Nxd5 22. Qxc4 Bxd4 23. Qxa6+ Kb8 24. Rxd4 Nb6 25. a4 Qc8
26. Qb5 Qd7 27. Qb3 Qe6 28. Qd3 Qa2 29. Re1 Nxa4 30. Qb5+ Nb6 31. Ree4 Qa1+
32. Kd2 Qa8 33. Nf4 Qb7 34. Nd3 Nd7 35. Qa4 Nb6 36. Qb3 c5 37. Ra4 Nxa4 38.
Qxa4 Qd7 39. Qb3+ Kc8 40. Ra4 Qb7 41. Qa3 Qd5 42. Ra7 Qc6 43. Ra6 Qb5 44.
Ra5 Qc4 45. Ra4 Qd5 46. Ra7 Qc6 47. Ra6 Qb5 48. Ra5 Qc4 49. Ra4 Qd5 50. Ra7
Qc6 { Game drawn by repetition } 1/2-1/2

[Event "ICC tourney 2248 (120 10)"]
[Site "Internet Chess Club"]
[Date "2020.12.28"]
[Round "5"]
[White "Vinny773175"]
[Black "ybabji"]
[Result "0-1"]
[ICCResult "White resigns"]
[WhiteElo "1782"]
[BlackElo "1854"]
[Opening "Pirc defense"]
[ECO "B07"]
[NIC "PU.08"]
[Time "12:03:23"]
[PlyCount "92"]
[TimeControl "7200+10"]

1. e4 d6 2. d4 Nf6 3. Bd3 e5 4. c3 c6 5. Nf3 Qc7 6. h3 h6 7. Be3 b6 8. Nbd2
Bb7 9. Rc1 Nbd7 10. a4 Be7 11. O-O O-O 12. Nh2 d5 13. f4 dxe4 14. Nxe4 Nd5
15. Bd2 exf4 16. c4 Ne3 17. Bxe3 fxe3 18. Qh5 c5 19. d5 Qe5 20. Qe2 f5 21.
Nf3 Qc7 22. Nc3 Rae8 23. Nb5 Qb8 24. Ne1 a6 25. Nc3 Qe5 26. Nf3 Qg3 27. Qc2
Bd6 28. Ne2 Qg6 29. Nh4 Qg5 30. Bxf5 Ne5 31. Bh7+ Kh8 32. Qe4 Qd8 33. Rxf8+
Rxf8 34. Bf5 Qf6 35. Ng3 g6 36. Rf1 Qg5 37. Nxg6+ Nxg6 38. Bxg6 Qxg3 39.
Rxf8+ Bxf8 40. Qe6 Qf2+ 41. Kh2 e2 42. Qe5+ Bg7 43. Qe8+ Qf8 44. Qe4 Qd6+
45. Kg1 Bd4+ 46. Kh1 Qe5 { White resigns } 0-1

[Event "ICC tourney 2248 (120 10)"]
[Site "Internet Chess Club"]
[Date "2020.12.28"]
[Round "5"]
[White "rachael1120"]
[Black "Eagle2020"]
[Result "1/2-1/2"]
[ICCResult "Game drawn by mutual agreement"]
[WhiteElo "1678"]
[BlackElo "1505"]
[Opening "French: advance, Euwe variation"]
[ECO "C02"]
[NIC "FR.03"]
[Time "12:03:20"]
[PlyCount "60"]
[TimeControl "7200+10"]

1. e4 e6 2. d4 d5 3. e5 c5 4. c3 Nc6 5. Nf3 Bd7 6. Bd3 Qb6 7. Bc2 cxd4 8.
cxd4 Nb4 9. Bb3 Bb5 10. Ba4 Bxa4 11. Qxa4+ Qc6 12. Qxc6+ bxc6 13. Na3 Rc8
14. O-O c5 15. Be3 Nd3 16. Rab1 Nh6 17. Rfd1 Nb4 18. dxc5 Nf5 19. Bd2 Bxc5
20. Bxb4 Bxb4 21. Rbc1 O-O 22. Nb5 Bc5 23. Rc2 Bb6 24. Rdc1 Rxc2 25. Rxc2
h6 26. h3 Rd8 27. Rc6 Ne7 28. Rd6 Rb8 29. Rd7 Ng6 30. a4 a6 { Game drawn by
mutual agreement } 1/2-1/2

[Event "ICC tourney 2248 (120 10)"]
[Site "Internet Chess Club"]
[Date "2020.12.28"]
[Round "5"]
[White "Minsco"]
[Black "JensenUVA"]
[Result "1-0"]
[ICCResult "Black resigns"]
[WhiteElo "1750"]
[BlackElo "1516"]
[Opening "Grünfeld: exchange, classical variation"]
[ECO "D86"]
[NIC "GI.05"]
[Time "12:03:17"]
[PlyCount "103"]
[TimeControl "7200+10"]

1. d4 Nf6 2. c4 g6 3. Nc3 d5 4. cxd5 Nxd5 5. e4 Nxc3 6. bxc3 Bg7 7. Bc4 c5
8. Ne2 Nc6 9. Bb2 Qa5 10. O-O O-O 11. Qc2 e6 12. a4 b6 13. Rfd1 Bb7 14. Nc1
cxd4 15. cxd4 Rfd8 16. Nb3 Qg5 17. Rac1 Rac8 18. Qe2 Na5 19. Nxa5 Qxa5 20.
Ra1 Bxe4 21. Bxe6 fxe6 22. Qxe4 Qd5 23. Qe2 Rc4 24. h3 Kf7 25. Rdc1 Rxc1+
26. Rxc1 Bxd4 27. Rc7+ Rd7 28. Qf3+ Qxf3 29. Rxd7+ Ke8 30. gxf3 Bxf2+ 31.
Kxf2 Kxd7 32. Ke3 a6 33. Ke4 Ke7 34. Ke5 h6 35. h4 b5 36. axb5 axb5 37. f4
Kf7 38. Ba3 g5 39. fxg5 Kg6 40. Bc1 hxg5 41. hxg5 b4 42. Kd4 e5+ 43. Kc4 e4
44. Kxb4 e3 45. Bxe3 Kg7 46. Kc5 Kg6 47. Kd6 Kg7 48. Ke7 Kg8 49. Kf6 Kf8
50. Kg6 Kg8 51. Bd4 Kf8 52. Kh7 { Black resigns } 1-0